 Dungeon Crawl Stone Soup version 0.23.2-1-ga50397a6bc (webtiles) character file.

Game seed: 10267743952789797372

50 Mrkan the Slasher (level 3, -1/34 HPs)
             Began as a Minotaur Berserker on May 20, 2019.
             Was a Believer of Trog.
             Slain by Robin
             ... wielding a +0 club
              (5 damage)
             ... on level 2 of the Dungeon.
             The game lasted 00:01:43 (1113 turns).

Mrkan the Slasher (Minotaur Berserker)              Turns: 1113, Time: 00:01:44

Health: -1/34      AC:  2    Str: 22    XL:     3   Next: 55%
Magic:  2/2        EV: 12    Int:  4    God:    Trog [**....]
Gold:   65         SH:  0    Dex:  9    Spells: 2/2 levels left

rFire    . . .     SeeInvis .   a - +0 falchion
rCold    . . .     Gourm    .   (no shield)
rNeg     . . .     Faith    .   b - +0 animal skin
rPois    .         Spirit   .   (helmet restricted)
rElec    .         Reflect  .   (no cloak)
rCorr    .         Harm     .   (no gloves)
MR       .....                  (no boots)
Stlth    +.........             (no amulet)
HPRegen  0.11/turn              (no ring)
MPRegen  0.08/turn              (no ring)

@: no status effects
A: retaliatory headbutt, horns 2
a: Berserk, Trog's Hand, Renounce Religion


You were on level 2 of the Dungeon.
You worshipped Trog.
Trog was pleased with you.
You were not hungry.

You visited 1 branch of the dungeon, and saw 2 of its levels.

You collected 65 gold pieces.

Inventory:

Hand Weapons
 a - a +0 falchion (weapon)
Armour
 b - a +0 animal skin (worn)
Jewellery
 k - an uncursed ring of protection from magic {unknown}
Scrolls
 e - 2 scrolls of magic mapping {unknown}
 g - a scroll of enchant weapon {unknown}
 i - 2 scrolls of blinking {unknown}
 j - a scroll of teleportation {unknown}
 l - a scroll of identify {unknown}
Potions
 d - 2 potions of lignification {unknown}
 h - 2 potions of curing {unknown}
Comestibles
 c - 4 rations
 f - 2 chunks of flesh


   Skills:
 + Level 4.3 Fighting
 * Level 5.0 Long Blades
 - Level 2.4 Armour
 - Level 2.1 Dodging


You had 2 spell levels left.
You didn't know any spells.
Your spell library was empty.

Dungeon Overview and Level Annotations

Branches:
Dungeon (2/15)

Altars:

Annotations:
D:2 Robin


Innate Abilities, Weirdness & Mutations

You reflexively headbutt those who attack you in melee.
You have a pair of horns on your head.


Message History

You barely miss Robin. Your headbutt misses Robin.
Robin is lightly wounded.
The goblin closely misses you. The goblin hits you with a +0 dagger.
* * * LOW HITPOINT WARNING * * *
The frilled lizard barely misses you.
You riposte.
You slash the frilled lizard!
You kill the frilled lizard!
Trog accepts your kill. Robin hits you with a +0 club.
* * * LOW HITPOINT WARNING * * *
You hit Robin. You headbutt Robin.
Robin is moderately wounded.
The goblin misses you. You furiously retaliate!
You headbutt the goblin!
You kill the goblin!
Trog accepts your kill. The goblin hits you but does no damage.
Robin closely misses you.
You hit Robin. Your headbutt misses Robin.
Robin is heavily wounded.
The goblin hits you but does no damage. Robin hits you with a +0 club.
You die...

⌠. ###.#####
...####........ .
..........##### ..
..........÷.... ...
..........÷#### .....
########....#### ......
#...####....##..
......###...........##.#
......g@)...........##.#
......(†g....(..........
..........(.....########
#...........(...........
............(...........
......####......>.......
...... ###..............
...... #................
.. #................


You could see Robin and a goblin.

Vanquished Creatures
  An adder (D:2)
  A dart slug (D:2)
  2 leopard geckos (D:2)
  2 bats (D:1)
  4 giant cockroaches
  6 goblins
  5 hobgoblins (D:2)
  3 kobolds (D:1)
  3 frilled lizards (D:2)
  7 rats
34 creatures vanquished.

Notes
Turn   | Place    | Note
-------+----------+-------------------------------------------
     0 | D:1      | Mrkan the Minotaur Berserker began the quest for the Orb.
     0 | D:1      | Reached XP level 1. HP: 19/19 MP: 0/0
   202 | D:1      | Reached skill level 4 in Long Blades
   217 | D:1      | Reached XP level 2. HP: 22/27 MP: 1/1
   774 | D:2      | Reached XP level 3. HP: 22/33 MP: 2/2
  1032 | D:2      | Reached skill level 5 in Long Blades
  1075 | D:2      | Reached ** piety under Trog
  1101 | D:2      | Noticed Robin
  1113 | D:2      | Slain by Robin

Skill      XL: |  1  2  3 |
---------------+----------+-----
Long Blades    | 4 5 |  5.0
Fighting       | 4 |  4.3
Armour         | |  2.4
Dodging        | |  2.1

Action                   || total
-------------------------++-------
Melee: Falchion          ||    58
       Headbutt          ||     7
Invok: Berserk           ||     1
  Eat: Chunk             ||     2
Armor: Animal skin       ||    19
Dodge: Dodged            ||    54
       Rpst.: Falchion   ||    15
